 Dungeon Crawl Stone Soup version 0.30.1-11-g7821555f0a (webtiles) character file.

Game seed: 9807355821353723576

3509 Wiggles the Cleaver (level 9, -1/81 (82) HPs)
             Began as a Minotaur Berserker on Nov 24, 2023.
             Was a High Priest of Trog.
             Slain by Psyche
             ... wielding a +2 dagger of distortion
              (5 damage)
             ... on level 8 of the Dungeon.
             The game lasted 00:09:23 (5440 turns).

Wiggles the Cleaver (Minotaur Berserker)            Turns: 5440, Time: 00:09:23

HP:   -1/81 (82)    AC:  0    Str: 27    XL:     9   Next: 81%
MP:   8/8           EV: 21    Int:  4    God:    Trog [*****.]
Gold: 384           SH:  0    Dex: 14    Spells: 8/8 levels left

rFire   . . .        E - melded +1 war axe
rCold   . . .        (shield currently unavailable)
rNeg    . . .        J - melded +0 chain mail
rPois   .            (helmet currently unavailable)
rElec   .            I - melded +0 cloak {Will+}
rCorr   .            D - melded +2 pair of gloves
SInv    .            (boots currently unavailable)
Will    .....        h - amulet of faith
Stlth   ++           p - melded +4 ring of protection
HPRegen 0.33/turn    b - melded ring of Woufaly {rN+ Str+3 Stlth+}
MPRegen 0.11/turn

%: faith
@: bat-form, on berserk cooldown, flying, slowed, lightly drained, quick
A: fast, flying, no casting, tiny, (horns 2), (retaliatory headbutt)
a: Renounce Religion, Berserk, Trog's Hand, Brothers in Arms


You were on level 8 of the Dungeon.
You worshipped Trog.
Trog was extremely pleased with you.
You were a bat.
You visited 1 branch of the dungeon, and saw 8 of its levels.
You visited the Abyss 1 time.

You collected 384 gold pieces.

Inventory:

Hand Weapons
 E - a +1 war axe (melded)
Missiles
 B - 3 throwing nets (quivered)
Armour
 D - a +2 pair of gloves (melded)
 I - a +0 cloak of willpower (melded)
 J - a +0 chain mail (melded)
Jewellery
 b - the ring of Woufaly (melded) {rN+ Str+3 Stlth+}
   (You acquired it on level 7 of the Dungeon)

   [ring of positive energy]

   Str:       It affects your strength (+3).
   rN:        It protects you from negative energy.
   Stlth:     It makes you more stealthy.
 h - an amulet of faith (around neck)
 p - a +4 ring of protection (melded)
 C - an amulet of regeneration
 H - a ring of protection from cold
 K - an amulet of guardian spirit
Wands
 g - a wand of roots (6)
 u - a wand of quicksilver (12)
 G - a wand of flame (15)
Scrolls
 f - 4 scrolls of blinking
 i - 5 scrolls of amnesia
 m - a scroll of fear
 z - a scroll of teleportation
 A - a scroll of poison
 F - a scroll of vulnerability
Potions
 a - a potion of attraction {unknown}
 c - 2 potions of haste
 j - 2 potions of mutation
 l - a potion of might {unknown}
 n - a potion of flight {unknown}
 r - 2 potions of cancellation
 s - a potion of ambrosia {unknown}
 t - 2 potions of degeneration
 v - a potion of berserk rage {unknown}
 w - 4 potions of curing {unknown}
 x - a potion of magic {unknown}


   Skills:
 + Level 8.3 Fighting
 + Level 12.2 Axes
 + Level 7.7 Armour
 + Level 5.4 Dodging
 + Level 1.3 Stealth


You had 8 spell levels left.
You didn't know any spells.
Your spell library was empty.

Dungeon Overview and Level Annotations

Branches:
Dungeon (8/15)             Temple (0/1) D:4
   Lair: D:8-11

Altars:
Ashenzari
Dithmenos
Makhleb
Nemelex Xobeh
Ru
Trog
Uskayaw
Xom
Yredelemnul
Zin
The Shining One

Annotations:
D:8 Psyche


Innate Abilities, Weirdness & Mutations

You are a bat.
You are tiny and dextrous.
You move quickly.
You are flying.
Your equipment is almost entirely melded.
You are incapable of wielding weapons or throwing items.
You cannot cast spells.
((You have a pair of horns on your head.))
((You reflexively headbutt those who attack you in melee.))


Message History

You feel less strong-willed.
You hit Psyche.
Psyche is almost dead.
Psyche barely misses you.
You hit Psyche.
Psyche is almost dead.
Psyche hits you with a +2 dagger of distortion.
Psyche gestures wildly while chanting.
A swirling arc of seething chaos appears!
The arc of chaos hits you.
You hear a shout!
You barely miss Psyche.
Psyche is almost dead.
You hear an angry hiss.
Psyche hits you with a +2 dagger of distortion!
Space warps around you!
You barely miss Psyche.
Psyche is almost dead.
Psyche casts a spell.
A swirling arc of seething chaos appears!
The arc of chaos hits you!
Psyche says, "I'll kill you and take you home."
Psyche hits you with a +2 dagger of distortion.
Space warps around you.
You hit Psyche but do no damage.
Psyche is almost dead.
Psyche closely misses you.
Psyche hits you with a +2 dagger of distortion.
* * * LOW HITPOINT WARNING * * *
Space warps horribly around you!
* * * LOW HITPOINT WARNING * * *
You hit Psyche.
Psyche is almost dead.
Psyche barely misses you.
You completely miss Psyche.
Psyche is almost dead.
Psyche hits you with a +2 dagger of distortion!
* * * LOW HITPOINT WARNING * * *
Space warps around you.
You die...

#.# # $#. #.# #
#.# #####.### #.#
##....#... #$#
#####..###.###
#.###.......##.###
#.....#####.......
#.#####...#####.##
#b@....._.....'.#
#.#####...#####.#
.... ##### ..#
###### ##.. ###. .


You could see Psyche.

Vanquished Creatures
  A two-headed ogre (D:7)
  Pikel (D:6)
  Sigmund (D:5)
  Eustachio (D:5)
  Menkaure (D:6)
  A water moccasin (D:6)
  2 ice beasts
  4 black bears
  An ogre (D:7)
  3 lemures (D:6)
  3 phantoms
  5 bullfrogs
  2 jellies
  4 crimson imps (D:7)
  Crazy Yiuf (D:5)
  An orc priest (D:7)
  4 hounds
  A sleepcap (D:7)
  4 orc wizards
  An iguana (D:6)
  4 gnolls (D:3)
  11 adders
  A white imp (D:7)
  3 ufetubi
  3 worms (D:2)
  A dart slug (D:1)
  15 orcs
  6 ball pythons
  5 endoplasms
  A giant cockroach (D:2)
  10 goblins
  8 hobgoblins
  4 jackals (D:1)
  12 kobolds
  4 quokkas
  4 bats
  3 frilled lizards
  4 rats
141 creatures vanquished.

Notes
Turn   | Place    | Note
-------+----------+-------------------------------------------
     0 | D:1      | Wiggles the Minotaur Berserker began the quest for the Orb.
     0 | D:1      | Reached XP level 1. HP: 19/19 MP: 0/0
   201 | D:1      | Reached XP level 2. HP: 27/27 MP: 1/1
   246 | D:1      | Reached skill level 4 in Axes
   454 | D:1      | Reached ** piety under Trog
   614 | D:2      | Reached XP level 3. HP: 32/33 MP: 2/2
   865 | D:2      | Reached skill level 5 in Axes
   896 | D:2      | Reached XP level 4. HP: 41/41 MP: 3/3
  1480 | D:3      | Reached *** piety under Trog
  1483 | D:3      | Reached XP level 5. HP: 16/47 MP: 4/4
  2104 | D:3      | Found a sacrificial altar of Ru.
  2288 | D:4      | Found a staircase to the Ecumenical Temple.
  2308 | D:4      | Reached skill level 6 in Axes
  2419 | D:4      | Found a hide-covered altar of Uskayaw.
  2421 | D:4      | Found a glowing silver altar of Zin.
  2425 | D:4      | Found a broken altar of Ashenzari.
  2575 | D:4      | Found a burning altar of Makhleb.
  2848 | D:5      | Entered Level 5 of the Dungeon
  2894 | D:5      | Reached XP level 6. HP: 55/55 MP: 5/5
  2910 | D:5      | Reached skill level 5 in Fighting
  2950 | D:5      | Noticed Sigmund
  2959 | D:5      | Killed Sigmund
  2960 | D:5      | Reached skill level 7 in Axes
  2960 | D:5      | Reached XP level 7. HP: 61/61 MP: 6/6
  3001 | D:5      | Reached skill level 5 in Armour
  3001 | D:5      | Reached skill level 1 in Stealth
  3087 | D:5      | Identified the +6 hammer of Fitifut {elec, rPois rF+ Dex+3
                  | Stlth+}
  3093 | D:5      | Found a runed translucent door.
  3094 | D:5      | Noticed Crazy Yiuf
  3100 | D:5      | Killed Crazy Yiuf
  3153 | D:5      | Found a basalt altar of Yredelemnul.
  3179 | D:5      | Reached skill level 8 in Axes
  3206 | D:5      | Noticed Eustachio
  3222 | D:5      | Reached **** piety under Trog
  3223 | D:5      | Killed Eustachio
  3395 | D:6      | Noticed Pikel
  3401 | D:6      | Reached XP level 8. HP: 63/70 MP: 7/7
  3414 | D:6      | Killed Pikel
  3415 | D:6      | Reached skill level 9 in Axes
  3578 | D:6      | Reached skill level 10 in Axes
  3578 | D:6      | Reached skill level 5 in Dodging
  3662 | D:6      | Noticed Menkaure
  3671 | D:6      | Killed Menkaure
  3672 | D:6      | Reached XP level 9. HP: 59/79 MP: 8/8
  3904 | D:6      | Found a glowing golden altar of the Shining One.
  3982 | D:6      | Found a shadowy altar of Dithmenos.
  4336 | D:7      | Identified the +1 leather armour of the Catamount {Str+5}
  4350 | D:7      | Found a sparkling altar of Nemelex Xobeh.
  4477 | D:7      | Reached skill level 11 in Axes
  4651 | D:7      | Found a shimmering altar of Xom.
  4800 | D:7      | Reached ***** piety under Trog
  4907 | D:7      | Noticed a two-headed ogre
  4916 | D:7      | Killed a two-headed ogre
  4917 | D:7      | Reached skill level 12 in Axes
  5315 | D:7      | Identified a scroll of acquirement
  5315 | D:7      | Acquired the ring of Woufaly {rN+ Str+3 Stlth+}
  5354 | D:8      | Found a bloodstained altar of Trog.
  5369 | D:8      | Noticed Psyche
  5370 | Abyss:2  | Cast into level 2 of the Abyss (Psyche)
  5417 | Abyss:4  | Noticed a thrashing horror
  5419 | Abyss:4  | Noticed a thrashing horror
  5424 | D:8      | Escaped the Abyss
  5440 | D:8      | HP: 4/81 [Psyche/+2 dagger of distortion (8)]
  5440 | D:8      | Slain by Psyche

Illustrated notes

Levels and vault maps discovered:
D:1:      dpeg_arrival_lava_altar, layout_basic
D:2:      layout_basic
D:3:      layout_basic, marbit_many_paths, dreamdust_wishing_well
D:4:      layout_basic, minitemple, mainiacjoe_overflow_catwalk,
          minmay_temple_entry_overgrown
D:5:      layout_gridville, mainiacjoe_overflow_alcove_2, grunt_tough_drop,
          uniq_eustachio, uniq_sigmund, uniq_crazy_yiuf_cottage
D:6:      layout_rooms, mainiacjoe_overflow_alcove_4,
          mainiacjoe_overflow_chevrons, grunt_ministairs_13, uniq_menkaure,
          uniq_pikel
D:7:      layout_basic, nemelex_diamond_rough_becter, led_xom_imps
D:8:      layout_loops_ring, mainiacjoe_overflow_surrounded_room, uniq_psyche

Skill      XL: |  1  2  3  4  5  6  7  8  9 |
---------------+----------------------------+-----
Fighting       | 4 5 7 8 |  8.3
Axes           | 4 5 6 7 8 10 12 | 12.2
Armour         | 3 4 5 6 7 |  7.7
Dodging        | 3 4 5 |  5.4
Stealth        | 1 |  1.3

Action                     |  1- 3 |  4- 6 |  7- 9 || total
---------------------------+-------+-------+-------++-------
  Melee: Hand axe          |    68 |    95 |       ||   163
         Headbutt          |    12 |    22 |    25 ||    59
         War axe           |       |    20 |   158 ||   178
         Punch             |       |     1 |     3 ||     4
         Unarmed           |       |       |     7 ||     7
 Invoke: Berserk           |       |     1 |     4 ||     5
    Use: Scroll            |       |       |    17 ||    17
 Armour: Animal skin       |     1 |       |       ||     1
         Ring mail         |    26 |    50 |    52 ||   128
         Chain mail        |       |       |    57 ||    57
         Skin              |       |       |     1 ||     1
  Dodge: Dodged            |    37 |    66 |   110 ||   213
